[Event "January 2 Early 2024"]
[Site "https://www.chess.com"]
[Date "2024.01.02"]
[Round "3"]
[White "KSho99"]
[Black "Gerbelli Neto, Eduardo"]
[Result "1-0"]
[Board "214"]
[TimeControl "180+1"]
[BlackFideId "2103281"]
[WhiteElo "2134"]
[BlackElo "2373"]
[BlackTeam "BRA"]
[WhiteClock "0:00:03"]
[BlackClock "0:00:00"]

1. Nf3 Nf6 2. g3 c5 3. Bg2 Nc6 4. O-O d5 5. d4 e6 6. c4 dxc4 7. Na3 c3 8. bxc3 cxd4 9. cxd4 Be7 10. Bb2 O-O 11. Nc4 Nd5 12. Nfe5 Nxe5 13. Nxe5 Qa5 14. Qb3 Qb4 15. Rfc1 Qxb3 16. axb3 f6 17. Nd3 a6 18. Nc5 Kf7 19. Kf1 b6 20. Nd3 Bb7 21. e4 Nb4 22. Nxb4 Bxb4 23. Rc7+ Kg6 24. Rxb7 b5 25. Rc1 Rfd8 26. Rcc7 Bf8 27. e5 f5 28. Ke2 Rac8 29. f4 Rxc7 30. Rxc7 a5 31. Rc6 Kf7 32. Bc3 b4 33. Bb2 Rb8 34. Bf1 Be7 35. Kd3 Rd8 36. Rc7 Ke8 37. Bg2 Rb8 38. Bc6+ Kf7 39. Kc4 Rd8 40. Bc1 Rb8 41. Be3 a4 42. Bxa4 g5 43. Bc6 Kf8 44. d5 exd5+ 45. Bxd5 h6 46. fxg5 hxg5 47. h4 gxh4 48. gxh4 Bxh4 49. Bh6+ Ke8 50. Rh7 Rd8 51. Bc6+ 1-0

[Event "January 2 Early 2024"]
[Site "https://www.chess.com"]
[Date "2024.01.02"]
[Round "3"]
[White "th3d4rkness"]
[Black "Kekic, Armin"]
[Result "1-0"]
[Board "215"]
[TimeControl "180+1"]
[BlackFideId "14401274"]
[WhiteElo "2120"]
[BlackElo "2371"]
[BlackTeam "BIH"]
[WhiteClock "0:00:17"]
[BlackClock "0:00:00"]

1. d4 d6 2. c4 e5 3. d5 Be7 4. Nc3 Nf6 5. e4 Nbd7 6. f3 Nf8 7. Be3 Ng6 8. Qd2 h6 9. Bd3 Nh7 10. Nge2 Bg5 11. g3 Bxe3 12. Qxe3 O-O 13. O-O-O b6 14. Kb1 a6 15. h4 f5 16. h5 Ne7 17. f4 fxe4 18. Bxe4 Nf5 19. Qd3 exf4 20. g4 f3 21. Nc1 Qg5 22. Bxf5 Bxf5 23. gxf5 Qxf5 24. Qxf5 Rxf5 25. Nd3 Ng5 26. Rdf1 Re8 27. Nf2 Nf7 28. Re1 Ne5 29. b3 Ref8 30. Nce4 Rf4 31. Rhg1 R8f5 32. Rh1 Kf7 33. Kc2 a5 34. Nd3 Rg4 35. Nxe5+ Rxe5 36. Kd3 Rg2 37. Rhf1 Rxh5 38. Rxf3+ Kg8 39. Ref1 Rxa2 40. Rf8+ Kh7 41. R8f7 Rh3+ 42. R1f3 Rxf3+ 43. Rxf3 Kg8 44. Ng3 a4 45. bxa4 Rxa4 46. Kd4 b5 47. Rc3 Kf7 48. Kd3 1-0

[Event "January 2 Early 2024"]
[Site "https://www.chess.com"]
[Date "2024.01.02"]
[Round "3"]
[White "Fernandez Garcia, Gumersindo"]
[Black "Latreche, Khadidja"]
[Result "1-0"]
[Board "216"]
[TimeControl "180+1"]
[WhiteFideId "24516740"]
[BlackFideId "7901780"]
[WhiteElo "2368"]
[BlackElo "2112"]
[WhiteTeam "ESP"]
[BlackTeam "ALG"]
[WhiteClock "0:00:33"]
[BlackClock "0:00:07"]

1. e4 c5 2. c3 Nf6 3. e5 Nd5 4. d4 cxd4 5. Nf3 Nc6 6. cxd4 d6 7. Bc4 Nb6 8. Bb5 d5 9. O-O Bg4 10. h3 Bh5 11. e6 fxe6 12. g4 Bg6 13. Ne5 Rc8 14. h4 a6 15. Nxc6 bxc6 16. Bxa6 Rb8 17. h5 Bf7 18. Nc3 g6 19. Bf4 Bg7 20. h6 Bf8 21. g5 Rg8 22. Rc1 e5 23. Bxe5 e6 24. Na4 Qxg5+ 25. Bg3 Bd6 26. Rc3 e5 27. dxe5 Bxe5 28. Re1 Nd7 29. Rce3 Be6 30. Nc5 Bxg3 31. Rxg3 Qxg3+ 32. fxg3 Nxc5 33. Qc1 Ne4 34. Qxc6+ Bd7 35. Qxd5 1-0

[Event "January 2 Early 2024"]
[Site "https://www.chess.com"]
[Date "2024.01.02"]
[Round "3"]
[White "Subramanian, Anusha"]
[Black "Kraus, Tomas"]
[Result "0-1"]
[Board "217"]
[TimeControl "180+1"]
[WhiteFideId "477710"]
[BlackFideId "331708"]
[WhiteElo "2110"]
[BlackElo "2362"]
[WhiteTeam "ENG"]
[BlackTeam "CZE"]
[WhiteClock "0:00:43"]
[BlackClock "0:01:20"]

1. d4 Nf6 2. c4 g6 3. Nc3 d5 4. cxd5 Nxd5 5. e4 Nxc3 6. bxc3 Bg7 7. Be3 c5 8. Bd3 Nc6 9. Ne2 Qa5 10. Qd2 O-O 11. O-O-O Bg4 12. f3 Bd7 13. g4 Rac8 14. Kb1 b5 15. h4 b4 16. d5 bxc3 17. Qc2 Rb8+ 18. Kc1 Qa3+ 19. Qb2 Qxb2# 0-1

[Event "January 2 Early 2024"]
[Site "https://www.chess.com"]
[Date "2024.01.02"]
[Round "3"]
[White "Travkina, Anastasia"]
[Black "Novikova, Margarita"]
[Result "1-0"]
[Board "218"]
[TimeControl "180+1"]
[WhiteFideId "24129151"]
[BlackFideId "14109689"]
[WhiteElo "2361"]
[BlackElo "2109"]
[WhiteTeam "RUS"]
[BlackTeam "GER"]
[WhiteClock "0:00:43"]
[BlackClock "0:00:00"]

1. e4 d5 2. exd5 Qxd5 3. Nc3 Qd6 4. Bc4 Nf6 5. Nge2 Bg4 6. d3 a6 7. f3 Be6 8. Bf4 Qb6 9. Bxe6 fxe6 10. a3 Nbd7 11. Bg3 O-O-O 12. Bf2 Qc6 13. Nd4 Qd6 14. Qe2 e5 15. Nb3 Nd5 16. Nxd5 Qxd5 17. Nd2 g6 18. O-O Bg7 19. Ne4 h6 20. b4 g5 21. c4 Qf7 22. a4 Qg6 23. a5 h5 24. Qe3 g4 25. fxg4 hxg4 26. Bg3 Bh6 27. Qa7 Bf4 28. Qa8+ Nb8 29. Nc5 Qc6 30. Bxf4 exf4 31. Rxf4 Rdf8 32. Raf1 Rxf4 33. Rxf4 g3 34. hxg3 e5 35. Rf7 b6 36. Qxc6 Nxc6 37. Ne6 bxa5 38. Rxc7+ Kb8 39. Rxc6 axb4 40. Rb6+ Ka7 41. Rxb4 a5 42. Rb5 Ka6 43. Nc5+ 1-0

[Event "January 2 Early 2024"]
[Site "https://www.chess.com"]
[Date "2024.01.02"]
[Round "3"]
[White "Dahlgren, James Allen"]
[Black "Shohat, Yotam"]
[Result "0-1"]
[Board "219"]
[TimeControl "180+1"]
[WhiteFideId "22256873"]
[BlackFideId "2813955"]
[WhiteElo "2106"]
[BlackElo "2347"]
[WhiteTeam "ESP"]
[BlackTeam "ISR"]
[WhiteClock "0:00:00"]
[BlackClock "0:00:10"]

1. d3 d5 2. f4 c5 3. Nf3 Nc6 4. g3 b6 5. Bg2 Bb7 6. O-O Nf6 7. Nbd2 e6 8. e4 Be7 9. c3 Qc7 10. a4 O-O 11. Qc2 Rad8 12. h3 dxe4 13. dxe4 Ba6 14. Re1 e5 15. f5 Bd3 16. Qb3 Na5 17. Qa2 c4 18. Bf1 Bc5+ 19. Kh2 Bf2 20. Rd1 Bc2 21. Be2 Bxd1 22. Bxd1 Be3 23. Be2 Bxd2 24. Nxd2 Rd7 25. Nxc4 Nxc4 26. Qxc4 Qxc4 27. Bxc4 Nxe4 28. Be3 Nd6 29. Bb5 Nxb5 30. axb5 g6 31. fxg6 fxg6 32. Kg2 Rff7 33. Bh6 Rd3 34. Re1 Re7 35. Rf1 Rf7 36. Re1 Rd5 37. c4 Rc5 38. b3 Rd7 39. Rf1 Rc8 40. Re1 Re8 41. Kf2 Rd3 42. Re3 e4 43. Ke2 Rxe3+ 44. Kxe3 Kf7 45. h4 Re5 46. Bf4 Re6 47. g4 h5 48. g5 Re8 49. Kd4 Re7 50. Be5 Ke6 51. Bf4 Rd7+ 52. Kxe4 Rd1 53. Be5 Re1+ 54. Kd4 Rxe5 0-1

[Event "January 2 Early 2024"]
[Site "https://www.chess.com"]
[Date "2024.01.02"]
[Round "3"]
[White "Seder, Mohammed"]
[Black "Gopal, K.N."]
[Result "0-1"]
[Board "220"]
[TimeControl "180+1"]
[WhiteFideId "11505567"]
[BlackFideId "5001447"]
[WhiteElo "2341"]
[BlackElo "2102"]
[WhiteTeam "PLE"]
[BlackTeam "IND"]
[WhiteClock "0:00:04"]
[BlackClock "0:00:07"]

1. e4 c5 2. Nf3 d6 3. c4 e5 4. Nc3 Nc6 5. g3 g6 6. Bg2 Bg7 7. d3 Nge7 8. O-O O-O 9. a3 a6 10. Rb1 Rb8 11. b4 cxb4 12. axb4 b5 13. cxb5 axb5 14. Qe2 Bg4 15. Be3 Nd4 16. Bxd4 exd4 17. Nd1 d5 18. h3 dxe4 19. hxg4 exf3 20. Qxf3 Rb6 21. Re1 Nc6 22. Qd5 Qxd5 23. Bxd5 Ne5 24. g5 Nxd3 25. Re7 Rd6 26. Bb3 Ne5 27. f4 Nc4 28. Rb7 d3 29. Bxc4 bxc4 30. Rc1 Rc8 31. b5 c3 32. b6 c2 33. Rc7 Rcd8 34. b7 Bd4+ 35. Kg2 Ba7 36. Rc8 Kg7 37. Rxd8 Rxd8 38. Nb2 Be3 39. Nxd3 Bxc1 40. Nxc1 Rb8 41. Kf2 Rxb7 42. Ke2 Rd7 43. g4 Rd1 44. Nb3 c1=Q 45. Nxc1 Rxc1 46. f5 gxf5 47. gxf5 Rc5 48. Kf3 Rxf5+ 49. Kg4 Rxg5+ 50. Kh4 Ra5 51. Kg4 Kg6 52. Kh4 Ra4+ 53. Kg3 Kg5 54. Kf3 Ra3+ 55. Ke4 Kg4 0-1

[Event "January 2 Early 2024"]
[Site "https://www.chess.com"]
[Date "2024.01.02"]
[Round "3"]
[White "Tilahun , Abel Mathewos"]
[Black "Nord, Alexander"]
[Result "1/2-1/2"]
[Board "221"]
[TimeControl "180+1"]
[WhiteFideId "15702391"]
[BlackFideId "1738135"]
[WhiteElo "2068"]
[BlackElo "2337"]
[WhiteTeam "ETH"]
[BlackTeam "SWE"]
[WhiteClock "0:00:20"]
[BlackClock "0:00:12"]

1. d4 Nf6 2. c4 e6 3. Nf3 b6 4. Nc3 Bb7 5. g3 Be7 6. Bg2 O-O 7. O-O Ne4 8. Qc2 Nxc3 9. Qxc3 f5 10. Be3 d6 11. Rac1 Nd7 12. b4 Nf6 13. Nd2 Bxg2 14. Kxg2 Qd7 15. Kg1 d5 16. Bg5 Rac8 17. Bxf6 Bxf6 18. e3 c5 19. Qd3 cxb4 20. cxd5 Qxd5 21. Qa6 Qd7 22. Nf3 Rc3 23. Ne5 Bxe5 24. dxe5 Rfc8 25. Rcd1 Qc6 26. Rd6 Qe8 27. Rfd1 R3c7 28. h4 h6 29. Kg2 Kh7 30. Qd3 Rc6 31. Rd7 R6c7 32. Rd6 Rc6 33. Qa6 R6c7 34. Qd3 1/2-1/2

[Event "January 2 Early 2024"]
[Site "https://www.chess.com"]
[Date "2024.01.02"]
[Round "3"]
[White "Nikulina, Alena"]
[Black "Gao, Raymond"]
[Result "0-1"]
[Board "222"]
[TimeControl "180+1"]
[WhiteFideId "4172051"]
[BlackFideId "2629429"]
[WhiteElo "2067"]
[BlackElo "2332"]
[WhiteTeam "RUS"]
[BlackTeam "CAN"]
[WhiteClock "0:00:09"]
[BlackClock "0:00:22"]

1. e4 c5 2. Nf3 Nc6 3. d4 cxd4 4. Nxd4 g6 5. c4 Bg7 6. Nc2 d6 7. Be2 Be6 8. O-O Rc8 9. Ne3 a6 10. Nc3 Bxc3 11. bxc3 Nf6 12. f3 Ne5 13. Qa4+ Qd7 14. Qxd7+ Nfxd7 15. Rb1 b6 16. Nd5 Bxd5 17. cxd5 Rxc3 18. Bxa6 O-O 19. Bh6 Ra8 20. Bb5 f6 21. Rfc1 Rxc1+ 22. Bxc1 Nc5 23. f4 Nf7 24. a3 Nxe4 25. Bc6 Rb8 26. Be3 Nc5 27. Rb5 Nd8 28. Bd7 Nxd7 29. Kf2 Ra8 30. a4 Rxa4 31. Bxb6 Ra2+ 32. Kf3 Nxb6 33. Rxb6 Kf8 34. Rb8 Ke8 35. Rb7 Ra5 36. Rb3 Rxd5 37. Ke4 Ra5 38. g4 d5+ 39. Kd4 Ne6+ 40. Ke3 d4+ 41. Kf3 Kf7 42. Rd3 Ra4 43. h4 Nc5 44. Rd2 Ra3+ 45. Kf2 e5 46. fxe5 fxe5 47. h5 Ne4+ 48. Ke2 Nxd2 49. Kxd2 gxh5 50. gxh5 e4 0-1

[Event "January 2 Early 2024"]
[Site "https://www.chess.com"]
[Date "2024.01.02"]
[Round "3"]
[White "Brandao, Marcius Gomes"]
[Black "Larina, Maria"]
[Result "0-1"]
[Board "223"]
[TimeControl "180+1"]
[WhiteFideId "2124980"]
[BlackFideId "24113182"]
[WhiteElo "2059"]
[BlackElo "2327"]
[WhiteTeam "BRA"]
[BlackTeam "FID"]
[WhiteClock "0:00:00"]
[BlackClock "0:00:10"]

1. d4 f5 2. g3 Nf6 3. Bg2 g6 4. b3 Bg7 5. Bb2 d6 6. c4 a5 7. Qc2 c6 8. Nd2 O-O 9. Ngf3 Na6 10. a3 Qc7 11. O-O Re8 12. e4 e5 13. Rfe1 Nxe4 14. Nxe4 fxe4 15. Qxe4 Bf5 16. Qh4 exd4 17. Bxd4 Nc5 18. Bxg7 Qxg7 19. Rxe8+ Rxe8 20. Re1 Qd7 21. Rxe8+ Qxe8 22. b4 axb4 23. axb4 Nd3 24. Qd4 Qe7 25. b5 Ne5 26. Nxe5 dxe5 27. Qb6 cxb5 28. cxb5 e4 29. Qd4 h5 30. h4 Kh7 31. Qd5 Kg7 32. b6 Qb4 33. Kh2 Qxb6 0-1

[Event "January 2 Early 2024"]
[Site "https://www.chess.com"]
[Date "2024.01.02"]
[Round "3"]
[White "Quirke, Jeffrey"]
[Black "Nebel, Jens"]
[Result "1-0"]
[Board "224"]
[TimeControl "180+1"]
[WhiteFideId "2013029"]
[BlackFideId "4689232"]
[WhiteElo "2035"]
[BlackElo "2324"]
[WhiteTeam "USA"]
[BlackTeam "GER"]
[WhiteClock "0:00:13"]
[BlackClock "0:00:20"]

1. e4 c5 2. c3 Qa5 3. Nf3 Nc6 4. Na3 Nf6 5. Bd3 e6 6. O-O d5 7. exd5 Nxd5 8. Bc2 Be7 9. Nc4 Qc7 10. d3 O-O 11. Re1 Bf6 12. a4 b6 13. g3 Rd8 14. Qe2 Bb7 15. Bg5 h6 16. Bxf6 Nxf6 17. Rad1 Rd5 18. Ne3 Rh5 19. d4 cxd4 20. Nxd4 Nxd4 21. Rxd4 Qc6 22. f3 Qxf3 23. Qxf3 Bxf3 24. Nc4 Bd5 25. Ne5 Rc8 26. c4 Bb7 27. b3 Rg5 28. Bd1 Rc5 29. Nd7 Nxd7 30. Rxd7 Bc6 31. Rxa7 Rge5 32. Rxe5 Rxe5 33. Kf2 Rf5+ 34. Ke3 Rf1 35. Be2 Rb1 36. Rc7 Rxb3+ 37. Kd4 Bxa4 38. Bd3 g6 39. h4 Kg7 40. g4 Rb2 41. Ra7 Bd1 42. g5 hxg5 43. hxg5 Rg2 44. Rb7 Rxg5 45. Rxb6 Ra5 46. c5 Bf3 47. c6 Kf6 48. c7 Ra4+ 49. Ke3 Ra8 50. Rb8 Bb7 51. Rxb7 Rc8 52. Ba6 g5 53. Ra7 Rxc7 54. Rxc7 Kf5 55. Bd3+ Kf6 56. Kf3 Kg7 57. Kg4 Kf6 58. Bc2 Ke5 59. Kxg5 f6+ 60. Kg4 f5+ 61. Kf3 Kd6 62. Ra7 e5 63. Bxf5 e4+ 64. Bxe4 Kc5 65. Rd7 Kb4 66. Rc7 Kb5 67. Rc1 Kb6 68. Bh7 Kb5 69. Ke4 Kb4 70. Kd3 Kb3 71. Rb1+ Ka2 72. Rb8 Ka3 73. Kc4 Ka4 74. Ra8# 1-0

[Event "January 2 Early 2024"]
[Site "https://www.chess.com"]
[Date "2024.01.02"]
[Round "3"]
[White "Peiris, T G M"]
[Black "Dahl, Trygve"]
[Result "0-1"]
[Board "225"]
[TimeControl "180+1"]
[WhiteFideId "9901310"]
[BlackFideId "1513427"]
[WhiteElo "2292"]
[BlackElo "2324"]
[WhiteTeam "SRI"]
[BlackTeam "NOR"]
[WhiteClock "0:00:00"]
[BlackClock "0:00:07"]

1. e4 c5 2. c3 e6 3. d4 Nf6 4. e5 Nd5 5. c4 Nb6 6. d5 d6 7. exd6 Bxd6 8. Nc3 O-O 9. Nf3 Re8 10. Be2 N8d7 11. dxe6 Rxe6 12. Ng5 Rg6 13. O-O Ne5 14. f4 Nexc4 15. Bh5 Rf6 16. Nce4 Rf5 17. b3 g6 18. Be2 Rd5 19. Qc2 Na5 20. Bb2 Bf5 21. g4 Bxe4 22. Nxe4 Be7 23. Qc3 Rd4 24. Qc2 Nc6 25. Bf3 Qd7 0-1

[Event "January 2 Early 2024"]
[Site "https://www.chess.com"]
[Date "2024.01.02"]
[Round "3"]
[White "Smirnov, Timofey"]
[Black "Tuleyeva-Aketayeva, Dana"]
[Result "0-1"]
[Board "226"]
[TimeControl "180+1"]
[WhiteFideId "24176427"]
[BlackFideId "13701932"]
[WhiteElo "1979"]
[BlackElo "2320"]
[WhiteTeam "RUS"]
[BlackTeam "KAZ"]
[WhiteClock "0:00:00"]
[BlackClock "0:00:15"]

1. d4 Nf6 2. Bf4 e6 3. e3 c5 4. c3 b6 5. Nd2 Be7 6. Ngf3 O-O 7. Bd3 Ba6 8. Bxa6 Nxa6 9. O-O Nc7 10. h3 d6 11. a4 a6 12. Re1 b5 13. axb5 axb5 14. Qc2 Qd7 15. b3 Qc6 16. Qb2 h6 17. Bh2 Rfb8 18. Rxa8 Rxa8 19. Ra1 Nfe8 20. Qb1 Ra6 21. Rxa6 Qxa6 22. Ne4 b4 23. cxb4 cxb4 24. Ne1 Nd5 25. Qd3 Qa1 26. Qe2 f5 27. Nd2 Nc3 0-1

[Event "January 2 Early 2024"]
[Site "https://www.chess.com"]
[Date "2024.01.02"]
[Round "3"]
[White "Lacasa Diaz, Josep Anton"]
[Black "neri_gaite"]
[Result "1-0"]
[Board "227"]
[TimeControl "180+1"]
[WhiteFideId "2203375"]
[WhiteElo "2320"]
[BlackElo "2017"]
[WhiteTeam "ESP"]
[WhiteClock "0:00:26"]
[BlackClock "0:00:03"]

1. Nf3 d5 2. e3 Nf6 3. c4 c6 4. b3 Bg4 5. Bb2 e6 6. Be2 Nbd7 7. O-O Bd6 8. d4 O-O 9. Nbd2 Qc7 10. h3 Bh5 11. Rc1 Rac8 12. c5 Be7 13. b4 Bxf3 14. Bxf3 e5 15. dxe5 Nxe5 16. Be2 Nfd7 17. e4 Nf6 18. f4 Ng6 19. e5 Ne4 20. Nxe4 dxe4 21. Qd4 f5 22. Rcd1 Rcd8 23. Qe3 b6 24. Rxd8 Rxd8 25. g4 bxc5 26. gxf5 Nh4 27. Qxe4 cxb4 28. Bc4+ Kh8 29. f6 gxf6 30. exf6 Bc5+ 31. Kh1 Qd7 32. f7+ Bd4 33. Bxd4+ Qxd4 34. Qxd4+ Rxd4 35. f8=Q# 1-0

[Event "January 2 Early 2024"]
[Site "https://www.chess.com"]
[Date "2024.01.02"]
[Round "3"]
[White "Kornyukov, Alexey"]
[Black "Desideri, Ricardo Maruchi"]
[Result "1-0"]
[Board "228"]
[TimeControl "180+1"]
[WhiteFideId "4150457"]
[BlackFideId "2110440"]
[WhiteElo "2311"]
[BlackElo "1984"]
[WhiteTeam "RUS"]
[BlackTeam "BRA"]
[WhiteClock "0:01:22"]
[BlackClock "0:01:11"]

1. e4 c5 2. Nf3 d6 3. c3 Nf6 4. Be2 Nc6 5. d4 cxd4 6. cxd4 a6 7. O-O g6 8. Nc3 Bg7 9. d5 Nb8 10. Be3 Nbd7 11. Rc1 O-O 12. Nd4 Nc5 13. f3 e5 14. dxe6 Nxe6 15. Nb3 b5 16. Kh1 Bb7 17. Nd4 Nh5 18. a4 Qh4 19. Bf2 Ng3+ 20. Bxg3 1-0

[Event "January 2 Early 2024"]
[Site "https://www.chess.com"]
[Date "2024.01.02"]
[Round "3"]
[White "Zepeda Berlanga, Jan Enrique"]
[Black "Limontaite, Simona"]
[Result "0-1"]
[Board "229"]
[TimeControl "180+1"]
[WhiteFideId "5132355"]
[BlackFideId "12802506"]
[WhiteElo "1963"]
[BlackElo "2308"]
[WhiteTeam "MEX"]
[BlackTeam "LTU"]
[WhiteClock "0:00:13"]
[BlackClock "0:00:45"]

1. e4 c5 2. Nf3 Nc6 3. Bc4 e6 4. Qe2 g6 5. c3 Bg7 6. O-O Nge7 7. d3 O-O 8. Bf4 d5 9. Bb3 b5 10. a4 c4 11. axb5 cxb3 12. bxc6 Nxc6 13. Nbd2 dxe4 14. Qxe4 Bb7 15. d4 Nxd4 16. Qxb7 Ne2+ 17. Kh1 Nxf4 18. Rxa7 Rb8 19. Qe4 Nd3 20. Nc4 Qd5 21. Nfd2 Nxb2 22. Qxd5 exd5 23. Nxb2 Bxc3 0-1

[Event "January 2 Early 2024"]
[Site "https://www.chess.com"]
[Date "2024.01.02"]
[Round "3"]
[White "Castillo Pena, Patricia Evarista"]
[Black "Pogorelskikh, Sofia"]
[Result "1/2-1/2"]
[Board "230"]
[TimeControl "180+1"]
[WhiteFideId "6412106"]
[BlackFideId "44164548"]
[WhiteElo "1921"]
[BlackElo "2307"]
[WhiteTeam "DOM"]
[BlackTeam "SRB"]
[WhiteClock "0:00:11"]
[BlackClock "0:00:04"]

1. d4 d5 2. Nf3 Nf6 3. e3 Bf5 4. c4 c6 5. Qb3 Qb6 6. c5 Qxb3 7. axb3 Nbd7 8. b4 a6 9. Nc3 Rb8 10. Be2 e6 11. Nh4 Be7 12. Nxf5 exf5 13. O-O O-O 14. Bd3 Ne4 15. f3 Nxc3 16. bxc3 g6 17. e4 fxe4 18. fxe4 dxe4 19. Bxe4 Nf6 20. Bd3 Rfe8 21. Bf4 Rbd8 22. Rae1 Nd5 23. Bd2 Bf8 24. Bc4 Rxe1 25. Rxe1 h5 26. Bxd5 Rxd5 27. Re8 Kg7 28. Bh6+ Kxh6 29. Rxf8 Kg7 30. Rb8 Rd7 31. Re8 Kf6 32. Kf2 Re7 33. Rd8 Kf5 34. h3 Ke4 35. c4 h4 36. b5 axb5 37. cxb5 Kf5 38. bxc6 bxc6 39. Rd6 Re6 40. Rd7 Kf6 41. g3 hxg3+ 42. Kxg3 Re7 43. Rd6+ Re6 44. Rd7 Kg7 45. Kf4 Kf8 46. h4 Ke8 47. Rc7 Rf6+ 48. Ke5 Re6+ 49. Kf4 Rf6+ 50. Ke5 Re6+ 51. Kf4 1/2-1/2

[Event "January 2 Early 2024"]
[Site "https://www.chess.com"]
[Date "2024.01.02"]
[Round "3"]
[White "Thake, Conrad"]
[Black "Skaric, Djuro"]
[Result "0-1"]
[Board "232"]
[TimeControl "180+1"]
[WhiteFideId "5602947"]
[BlackFideId "934569"]
[WhiteElo "1878"]
[BlackElo "2301"]
[WhiteTeam "MLT"]
[BlackTeam "SRB"]
[WhiteClock "0:00:20"]
[BlackClock "0:02:03"]

1. e4 d6 2. d4 g6 3. Nc3 Bg7 4. Nf3 Nf6 5. h3 O-O 6. Be2 Nc6 7. Be3 e5 8. d5 Ne7 9. Qd2 Ne8 10. g4 f5 11. gxf5 gxf5 12. Bh6 f4 13. Bxg7 Nxg7 14. O-O-O a6 15. h4 Kh8 16. h5 Rf6 17. Rdg1 Qf8 18. Bf1 Bd7 19. Ng5 h6 20. Nf3 Kh7 21. Bh3 Bxh3 22. Rxh3 Qf7 23. Qe2 Rg8 24. Qc4 Ne8 25. Ne2 Rxg1+ 26. Nexg1 Qg7 27. Qf1 Qg4 28. Rh2 Rf7 29. Qg2 Qxg2 30. Rxg2 Nf6 31. Nd2 Nxh5 32. c4 Nf6 33. f3 Nh5 34. Kd1 Ng3 35. b4 h5 36. Nh3 Kh6 37. Ke1 Rg7 38. Kf2 Ng6 39. Nf1 Nxf1 40. Kxf1 Nh4 41. Rxg7 Kxg7 42. Ng5 Kf6 43. Ne6 Nxf3 44. Nxc7 Nd2+ 45. Ke2 Nxe4 46. Ne8+ Kf7 47. Nc7 Nc3+ 48. Kf3 Nxa2 49. c5 Ke7 50. c6 bxc6 51. dxc6 Nxb4 52. Nd5+ Nxd5 0-1

[Event "January 2 Early 2024"]
[Site "https://www.chess.com"]
[Date "2024.01.02"]
[Round "3"]
[White "Eggleston, Thomas A"]
[Black "Babayeva, Nasrin"]
[Result "1-0"]
[Board "233"]
[TimeControl "180+1"]
[WhiteFideId "412139"]
[BlackFideId "13416626"]
[WhiteElo "2299"]
[BlackElo "1798"]
[WhiteTeam "ENG"]
[BlackTeam "AZE"]
[WhiteClock "0:01:00"]
[BlackClock "0:00:03"]

1. e4 d5 2. Nc3 c6 3. Nf3 Bg4 4. Be2 e6 5. Ne5 Bxe2 6. Qxe2 Nf6 7. d3 Bd6 8. Nf3 Bb4 9. O-O Bxc3 10. bxc3 O-O 11. Rb1 b6 12. Bg5 h6 13. Bh4 e5 14. Nxe5 Re8 15. Ng4 Nbd7 16. f4 dxe4 17. dxe4 Rxe4 18. Qxe4 Nxe4 19. Bxd8 Rxd8 20. Rbd1 Nxc3 21. Rd3 Nd5 22. c4 Nb4 23. Rd6 Kf8 24. Rfd1 Ke7 25. Ne5 Nd5 26. Rxd7+ Rxd7 27. Nxd7 1-0

[Event "January 2 Early 2024"]
[Site "https://www.chess.com"]
[Date "2024.01.02"]
[Round "3"]
[White "Gulamirian, Korun"]
[Black "Z_Chess6"]
[Result "0-1"]
[Board "234"]
[TimeControl "180+1"]
[WhiteFideId "4144899"]
[WhiteElo "1558"]
[BlackElo "2020"]
[WhiteTeam "RUS"]
[WhiteClock "0:00:06"]
[BlackClock "0:00:07"]

1. e4 c5 2. Nf3 Nc6 3. d4 cxd4 4. Nxd4 g6 5. Be3 Nf6 6. Nc3 d6 7. f3 Bg7 8. Qd2 O-O 9. O-O-O Bd7 10. Bh6 Rc8 11. Bxg7 Kxg7 12. Kb1 Nxd4 13. Qxd4 Qa5 14. Nd5 Be6 15. Bc4 Qc5 16. Qxc5 Rxc5 17. Nxf6 Bxc4 18. Nd7 Bxa2+ 19. Kxa2 Ra5+ 20. Kb1 Rd8 21. e5 Rxd7 22. exd6 Rxd6 23. Rxd6 exd6 24. Rd1 Ra6 25. c4 Kf6 26. Kc2 Rc6 27. Rd4 d5 28. b3 dxc4 29. bxc4 b5 30. Rf4+ Ke7 31. Re4+ Kd7 32. Rd4+ Kc7 33. c5 Rxc5+ 34. Kb3 Kc6 35. Rf4 f5 36. g4 a5 37. gxf5 Rxf5 38. Rh4 Rxf3+ 39. Kb2 h5 40. Kc2 a4 41. Re4 Rf2+ 42. Kc3 Rxh2 43. Re6+ Kc5 44. Rxg6 b4+ 45. Kd3 a3 46. Rg5+ Kb6 47. Kc4 Rb2 48. Rxh5 a2 49. Rh6+ Kb7 50. Rh7+ Kb6 51. Rh6+ Kc7 52. Rh7+ Kd6 53. Rh6+ Ke5 54. Rh5+ Kf4 55. Ra5 b3 56. Kc3 Rb1 57. Ra4+ Ke3 58. Rxa2 bxa2 59. Kc2 Rb8 60. Kc3 a1=Q+ 61. Kc4 Qc1+ 62. Kd5 Rb5+ 63. Ke6 Qc5 64. Kd7 Rb7+ 65. Ke6 Re7+ 66. Kf6 Qe5+ 67. Kg6 Rg7+ 68. Kh6 Qg5# 0-1

[Event "January 2 Early 2024"]
[Site "https://www.chess.com"]
[Date "2024.01.02"]
[Round "4"]
[White "Pranav Anand"]
[Black "Carlsen, Magnus"]
[Result "0-1"]
[Board "1"]
[TimeControl "180+1"]
[WhiteFideId "46626786"]
[BlackFideId "1503014"]
[WhiteElo "2914"]
[BlackElo "3367"]
[WhiteTeam "IND"]
[BlackTeam "NOR"]
[WhiteClock "0:00:11"]
[BlackClock "0:00:54"]

1. e4 a6 2. d4 h6 3. Bd3 c5 4. c3 cxd4 5. cxd4 d5 6. e5 Nc6 7. Ne2 g6 8. Nbc3 h5 9. O-O Nh6 10. Bg5 Bf5 11. Nf4 Bxd3 12. Qxd3 Nf5 13. e6 Bg7 14. exf7+ Kxf7 15. Ncxd5 Ncxd4 16. Rfe1 Re8 17. Rad1 Qd6 18. Ne3 Qc5 19. Nxf5 Qxf5 20. Qc4+ e6 21. Qc7+ Kg8 22. h4 b5 23. Qd7 e5 24. Qxf5 Nxf5 25. Nd5 Rac8 26. Nf6+ Bxf6 27. Bxf6 e4 28. Re2 e3 29. fxe3 Rxe3 30. Rxe3 Nxe3 31. Rd8+ Rxd8 32. Bxd8 Kf7 33. b3 Ke6 34. Kf2 Nd5 35. Kf3 Kf5 36. Ba5 Nf4 37. Bd2 Nd3 38. Ke3 Nf4 39. g3 Ne6 40. Kf3 Nd4+ 41. Ke3 Nc6 42. Kf3 Ne5+ 43. Ke3 Kg4 44. Ke4 Nc6 45. Bf4 Ne7 46. Ke5 Nf5 47. Kf6 Nxg3 48. Bg5 Nf5 49. Kxg6 Nxh4+ 50. Kf6 Nf3 51. Be3 h4 52. Ba7 h3 53. Bb8 b4 54. Ke6 Nd4+ 55. Kd5 Ne2 56. Bh2 Nc3+ 57. Kc4 Nxa2 58. Kc5 Kf3 59. Kb6 Kg2 60. Bd6 h2 61. Bxh2 Kxh2 62. Kxa6 Kg3 63. Kb5 Kf3 64. Kc4 Ke3 0-1

[Event "January 2 Early 2024"]
[Site "https://www.chess.com"]
[Date "2024.01.02"]
[Round "4"]
[White "Nakamura, Hikaru"]
[Black "Zhigalko, Sergei"]
[Result "1-0"]
[Board "2"]
[TimeControl "180+1"]
[WhiteFideId "2016192"]
[BlackFideId "13502956"]
[WhiteElo "3240"]
[BlackElo "2908"]
[WhiteTeam "USA"]
[BlackTeam "BLR"]
[WhiteClock "0:00:14"]
[BlackClock "0:00:00"]

1. Nf3 d5 2. g3 c6 3. Bg2 Bg4 4. h3 Bh5 5. d3 e6 6. Nbd2 Bd6 7. b3 Ne7 8. g4 Bg6 9. Nh4 a5 10. Bb2 O-O 11. a3 Nd7 12. e3 Qb6 13. O-O f6 14. d4 Rae8 15. c4 Bb8 16. f4 Bd3 17. Rf2 g5 18. fxg5 fxg5 19. Rxf8+ Rxf8 20. Nhf3 Qc7 21. Nf1 Be4 22. Qe2 Ng6 23. Bc3 Bxf3 24. Bxf3 Nh4 25. Bh1 Nf6 26. Be1 Ne4 27. Bxh4 gxh4 28. Bxe4 dxe4 29. Ra2 Rf3 30. Qd1 Rxh3 31. d5 exd5 32. cxd5 Qd7 33. Rd2 Rf3 34. dxc6 Qxc6 35. Rd8+ Rf8 36. Rxf8+ Kxf8 37. Qd8+ Qe8 38. Qxh4 Qf7 39. Qd8+ Qe8 40. Qxa5 Qd7 41. Qb4+ 1-0